TOP OF THE 1ST |
Tortolita Drummers batting - Pitching for Bakersfield Nobles : RHP José García
|
Pitching: RHP José García
|
|
Batting: RHB Lu-fang Koo
|
0-0: Foul Ball, location: 2F 0-1: Ground out 6-3 (Groundball, 6)
|
Batting: RHB Ricardo Pacheco
|
0-0: Called Strike 0-1: Called Strike 0-2: SINGLE (Groundball, 4MD)
|
Batting: LHB Nobuo Yamashita
|
0-0: Ball Ricardo Pacheco steals 2nd base 1-0: Foul Ball, location: 2F 1-1: Ball 2-1: Swinging Strike 2-2: Foul Ball, location: 2F 2-2: Fly out, F9 (Flyball, 89M)
|
Batting: RHB Rich Flannery
|
0-0: Ball 1-0: Ball 2-0: Called Strike 2-1: Ball 3-1: Base on Balls
|
Batting: RHB Dave Sienna
|
0-0: Called Strike 0-1: SINGLE (Groundball, 56S) (infield hit) Ricardo Pacheco to third Rich Flannery to second
|
Batting: LHB Steve Costillo
|
0-0: Ball 1-0: Foul Ball, location: 2F 1-1: Foul Ball, location: 2F 1-2: Ball 2-2: Strikes out swinging
|
Top of the 1st over - 0 runs, 2 hits, 0 errors, 3 left on base; Tortolita 0 - Bakersfield 0 |
BOTTOM OF THE 1ST |
Bakersfield Nobles batting - Pitching for Tortolita Drummers : RHP Mack MacDonald
|
Pitching: RHP Mack MacDonald
|
|
Batting: LHB Ramiro Ramos
|
0-0: Ground out 5-3 (Groundball, 5)
|
Batting: RHB Giobbe Bastedo
|
0-0: Ball 1-0: Fly out, F6 (Popup, 6M)
|
Batting: RHB Omer Yurtseven
|
0-0: Ball 1-0: SINGLE (Line Drive, 56D)
|
Batting: RHB Juan Tellado
|
0-0: Ball 1-0: Foul Ball, location: 2F 1-1: Swinging Strike 1-2: Strikes out looking
|
Bottom of the 1st over - 0 runs, 1 hit, 0 errors, 1 left on base; Tortolita 0 - Bakersfield 0 |
TOP OF THE 2ND |
Tortolita Drummers batting - Pitching for Bakersfield Nobles : RHP José García
|
Batting: RHB Orlando Montoya
|
0-0: Called Strike 0-1: Fly out, F9 (Flyball, 9LS)
|
Batting: RHB Alan Elder
|
0-0: Foul Ball, location: 2F 0-1: Ball 1-1: Ball 2-1: Foul Ball, location: 2F 2-2: Ball 3-2: Base on Balls
|
Batting: RHB Jim Burch
|
0-0: Ball 1-0: Fly out, F8 (Flyball, 89M)
|
Batting: RHB Lu-fang Koo
|
0-0: Fly out, F9 (Flyball, 9S)
|
Top of the 2nd over - 0 runs, 0 hits, 0 errors, 1 left on base; Tortolita 0 - Bakersfield 0 |
BOTTOM OF THE 2ND |
Bakersfield Nobles batting - Pitching for Tortolita Drummers : RHP Mack MacDonald
|
Batting: RHB Fortunato Rasquinha
|
0-0: Ball 1-0: Ball 2-0: Foul Ball, location: 2F 2-1: Fly out, F8 (Flyball, 8RS)
|
Batting: LHB Bill Chambers
|
0-0: Ball 1-0: Ball 2-0: Hit by Pitch
|
Batting: RHB Stanley van de Ven
|
0-0: Ball 1-0: Ball 2-0: Ball 3-0: Base on Balls Bill Chambers to second
|
Batting: RHB Miguel Márquez
|
0-0: Ball 1-0: Ball 2-0: Called Strike 2-1: Ball 3-1: Swinging Strike 3-2: Foul Ball, location: 2F 3-2: Foul Ball, location: 2F 3-2: Grounds into double play, 4-6-3 (Groundball, 4)
|
Bottom of the 2nd over - 0 runs, 0 hits, 0 errors, 1 left on base; Tortolita 0 - Bakersfield 0 |
TOP OF THE 3RD |
Tortolita Drummers batting - Pitching for Bakersfield Nobles : RHP José García
|
Batting: RHB Ricardo Pacheco
|
0-0: Called Strike 0-1: Swinging Strike 0-2: Ball 1-2: Strikes out swinging
|
Batting: LHB Nobuo Yamashita
|
0-0: Swinging Strike 0-1: Ball 1-1: Called Strike 1-2: Ball 2-2: Ball 3-2: Strikes out looking
|
Batting: RHB Rich Flannery
|
0-0: Ball 1-0: Foul Ball, location: 2F 1-1: Ground out 6-3 (Groundball, 6M)
|
Top of the 3rd over - 0 runs, 0 hits, 0 errors, 0 left on base; Tortolita 0 - Bakersfield 0 |
BOTTOM OF THE 3RD |
Bakersfield Nobles batting - Pitching for Tortolita Drummers : RHP Mack MacDonald
|
Batting: RHB Mario Blanco
|
0-0: Called Strike 0-1: Ball 1-1: Foul Ball, location: 2F 1-2: Foul Ball, location: 2F 1-2: Ground out 6-3 (Groundball, 56)
|
Batting: LHB Ramiro Ramos
|
0-0: SINGLE (Groundball, 4D)
|
Batting: RHB Giobbe Bastedo
|
0-0: Called Strike 0-1: Ball 1-1: SINGLE (Flyball, 78M) Ramiro Ramos to second
|
Batting: RHB Omer Yurtseven
|
0-0: Ground out 5-3 (Groundball, 25) Ramiro Ramos to third Giobbe Bastedo to second
|
Batting: RHB Juan Tellado
|
0-0: Ball 1-0: Ground out 5-3 (Groundball, 56S)
|
Bottom of the 3rd over - 0 runs, 2 hits, 0 errors, 2 left on base; Tortolita 0 - Bakersfield 0 |
TOP OF THE 4TH |
Tortolita Drummers batting - Pitching for Bakersfield Nobles : RHP José García
|
Batting: RHB Dave Sienna
|
0-0: Called Strike 0-1: Ball 1-1: Ball 2-1: Foul Ball, location: 2F 2-2: SINGLE (Groundball, 56D)
|
Batting: LHB Steve Costillo
|
0-0: Called Strike 0-1: Foul Ball, location: 2F 0-2: Foul Ball, location: 2F 0-2: Ball 1-2: Strikes out swinging
|
Batting: RHB Orlando Montoya
|
0-0: Swinging Strike 0-1: Foul Ball, location: 2F 0-2: Strikes out swinging
|
Batting: RHB Alan Elder
|
0-0: Ball 1-0: Called Strike 1-1: 2-RUN HOME RUN (Line Drive, 7D), Distance : 376 ft
|
Batting: RHB Jim Burch
|
0-0: Ball 1-0: SINGLE (Groundball, 6MD)
|
Batting: RHB Lu-fang Koo
|
0-0: Ball 1-0: Foul Ball, location: 2F 1-1: Foul Ball, location: 2F 1-2: Ball 2-2: Reached on error, E5 (Groundball, 56) Jim Burch to second
|
Batting: RHB Ricardo Pacheco
|
0-0: Called Strike 0-1: Ball 1-1: Foul Ball, location: 2F 1-2: Foul Ball, location: 2F 1-2: Fly out, F9 (Flyball, 9S)
|
Top of the 4th over - 2 runs, 3 hits, 1 error, 2 left on base; Tortolita 2 - Bakersfield 0 |
BOTTOM OF THE 4TH |
Bakersfield Nobles batting - Pitching for Tortolita Drummers : RHP Mack MacDonald
|
Batting: RHB Fortunato Rasquinha
|
0-0: Ball 1-0: Ball 2-0: Ground out 5-3 (Groundball, 56S)
|
Batting: LHB Bill Chambers
|
0-0: Ball 1-0: Called Strike 1-1: Foul Ball, location: 2F 1-2: Ball 2-2: Fly out, F8 (Flyball, 8RD)
|
Batting: RHB Stanley van de Ven
|
0-0: Fly out, F8 (Flyball, 8LM)
|
Bottom of the 4th over - 0 runs, 0 hits, 0 errors, 0 left on base; Tortolita 2 - Bakersfield 0 |
TOP OF THE 5TH |
Tortolita Drummers batting - Pitching for Bakersfield Nobles : RHP José García
|
Batting: LHB Nobuo Yamashita
|
0-0: Called Strike 0-1: SINGLE (Line Drive, 4MD)
|
Batting: RHB Rich Flannery
|
0-0: Ball 1-0: Ball 2-0: Ball 3-0: Called Strike 3-1: Foul Ball, location: 2F 3-2: SINGLE (Flyball, 8RS) Nobuo Yamashita to second Nobuo Yamashita to third
|
Batting: RHB Dave Sienna
|
0-0: Foul Ball, location: 2F 0-1: Ball 1-1: Called Strike 1-2: Strikes out swinging
|
Pitching: RHP Cameron Frye
|
|
Batting: LHB Steve Costillo
|
0-0: Ball 1-0: Called Strike 1-1: Foul Ball, location: 2F 1-2: Strikes out swinging
|
Batting: RHB Orlando Montoya
|
0-0: Fly out, F9 (Flyball, 89S)
|
Top of the 5th over - 0 runs, 2 hits, 0 errors, 2 left on base; Tortolita 2 - Bakersfield 0 |
BOTTOM OF THE 5TH |
Bakersfield Nobles batting - Pitching for Tortolita Drummers : RHP Mack MacDonald
|
Batting: RHB Miguel Márquez
|
0-0: Ball 1-0: Ball 2-0: Foul Ball, location: 2F 2-1: Ground out 1-3 (Groundball, 13)
|
Batting: RHB Mario Blanco
|
0-0: Ball 1-0: Ball 2-0: Ground out 5-3 (Groundball, 56)
|
Batting: LHB Ramiro Ramos
|
0-0: Foul Ball, location: 2F 0-1: Foul Ball, location: 2F 0-2: Foul Ball, location: 2F 0-2: Strikes out swinging
|
Bottom of the 5th over - 0 runs, 0 hits, 0 errors, 0 left on base; Tortolita 2 - Bakersfield 0 |
TOP OF THE 6TH |
Tortolita Drummers batting - Pitching for Bakersfield Nobles : RHP Cameron Frye
|
Batting: RHB Alan Elder
|
0-0: Fly out, F2 (Popup, 23F)
|
Batting: RHB Jim Burch
|
0-0: Ball 1-0: Called Strike 1-1: Ball 2-1: Ground out 6-3 (Groundball, 6)
|
Batting: RHB Lu-fang Koo
|
0-0: Ball 1-0: Ball 2-0: Called Strike 2-1: Swinging Strike 2-2: Ball 3-2: Foul Ball, location: 2F 3-2: Base on Balls
|
Batting: RHB Ricardo Pacheco
|
0-0: Called Strike 0-1: Called Strike 0-2: Ball 1-2: SINGLE (Groundball, 5S) (infield hit) Lu-fang Koo to second
|
Batting: LHB Nobuo Yamashita
|
0-0: Foul Ball, location: 2F 0-1: Ball 1-1: Ball 2-1: Ball 3-1: Fly out, F6 (Popup, 6)
|
Top of the 6th over - 0 runs, 1 hit, 0 errors, 2 left on base; Tortolita 2 - Bakersfield 0 |
BOTTOM OF THE 6TH |
Bakersfield Nobles batting - Pitching for Tortolita Drummers : RHP Mack MacDonald
|
Batting: RHB Giobbe Bastedo
|
0-0: Called Strike 0-1: Foul Ball, location: 2F 0-2: SINGLE (Groundball, 34D)
|
Batting: RHB Omer Yurtseven
|
0-0: Swinging Strike 0-1: Foul Ball, location: 2F 0-2: Strikes out looking Giobbe Bastedo steals 2nd base Batter strikes out.
|
Batting: RHB Juan Tellado
|
0-0: Ball Giobbe Bastedo steals 3rd base 1-0: Ground out 6-3 (Groundball, 6) Giobbe Bastedo scores
|
Batting: RHB Fortunato Rasquinha
|
0-0: Ball 1-0: Called Strike 1-1: Ball 2-1: Swinging Strike 2-2: Ball 3-2: Foul Ball, location: 2F 3-2: Base on Balls
|
Batting: LHB Bill Chambers
|
0-0: Ball 1-0: Fly out, F8 (Line Drive, 78M)
|
Bottom of the 6th over - 1 run, 1 hit, 0 errors, 1 left on base; Tortolita 2 - Bakersfield 1 |
TOP OF THE 7TH |
Tortolita Drummers batting - Pitching for Bakersfield Nobles : RHP Cameron Frye
|
Batting: RHB Rich Flannery
|
0-0: Called Strike 0-1: Ball 1-1: Ball 2-1: Ball 3-1: Foul Ball, location: 2F 3-2: Foul Ball, location: 2F 3-2: Base on Balls
|
Batting: RHB Dave Sienna
|
0-0: Ball 1-0: Ball 2-0: Called Strike 2-1: Ball 3-1: Fly out, F7 (Line Drive, 7)
|
Batting: LHB Steve Costillo
|
0-0: Ball 1-0: Foul Ball, location: 2F 1-1: Ball 2-1: Ball 3-1: Base on Balls Rich Flannery to second
|
Pinch Hitting: RHB Lonnie Conrad
|
0-0: Ball 1-0: Called Strike 1-1: Swinging Strike 1-2: Strikes out swinging
|
Batting: RHB Alan Elder
|
0-0: Ball 1-0: Foul Ball, location: 2F 1-1: Ground out 6-3 (Groundball, 56)
|
Top of the 7th over - 0 runs, 0 hits, 0 errors, 2 left on base; Tortolita 2 - Bakersfield 1 |
BOTTOM OF THE 7TH |
Bakersfield Nobles batting - Pitching for Tortolita Drummers : RHP Mack MacDonald
|
Now at 2B: Santo Alba
|
|
Batting: RHB Stanley van de Ven
|
0-0: Ball 1-0: SINGLE (Flyball, 89S)
|
Batting: RHB Miguel Márquez
|
0-0: Ball 1-0: Bunt - Flyout! F2
|
Pinch Hitting: RHB Robert O'Connor
|
0-0: Called Strike 0-1: Called Strike 0-2: Ball 1-2: Ball 2-2: Foul Ball, location: 2F 2-2: SINGLE (Groundball, 6MD) Stanley van de Ven to second
|
Batting: LHB Ramiro Ramos
|
0-0: Swinging Strike 0-1: Foul Ball, location: 2F 0-2: Ball 1-2: Ball 2-2: Ball 3-2: Strikes out swinging
|
Batting: RHB Giobbe Bastedo
|
0-0: Called Strike 0-1: Ball 1-1: Foul Ball, location: 2F 1-2: Ball 2-2: Strikes out swinging
|
Bottom of the 7th over - 0 runs, 2 hits, 0 errors, 2 left on base; Tortolita 2 - Bakersfield 1 |
TOP OF THE 8TH |
Tortolita Drummers batting - Pitching for Bakersfield Nobles : RHP Cameron Frye
|
Now at 2B: Anthony Johnston
|
|
Batting: RHB Jim Burch
|
0-0: Ball 1-0: Ball 2-0: Ball 3-0: Called Strike 3-1: Called Strike 3-2: Ground out 3-1 (Groundball, 34S)
|
Batting: RHB Lu-fang Koo
|
0-0: Ball 1-0: Ball 2-0: Swinging Strike 2-1: Ball 3-1: Foul Ball, location: 2F 3-2: Foul Ball, location: 2F 3-2: Fly out, F3 (Line Drive, 3)
|
Batting: RHB Ricardo Pacheco
|
0-0: Called Strike 0-1: Called Strike 0-2: Ground out 6-3 (Groundball, 6M)
|
Top of the 8th over - 0 runs, 0 hits, 0 errors, 0 left on base; Tortolita 2 - Bakersfield 1 |
BOTTOM OF THE 8TH |
Bakersfield Nobles batting - Pitching for Tortolita Drummers : RHP Mack MacDonald
|
Batting: RHB Omer Yurtseven
|
0-0: Ball 1-0: Called Strike 1-1: SINGLE (Line Drive, 56D)
|
Pitching: RHP Gojong Joseon
|
|
Batting: RHB Juan Tellado
|
0-0: Called Strike 0-1: Swinging Strike 0-2: Strikes out swinging
|
Batting: RHB Fortunato Rasquinha
|
0-0: Foul Ball, location: 2F 0-1: Called Strike 0-2: Ball 1-2: Ball 2-2: Grounds into double play, 5-4-3 (Groundball, 56)
|
Bottom of the 8th over - 0 runs, 1 hit, 0 errors, 0 left on base; Tortolita 2 - Bakersfield 1 |
TOP OF THE 9TH |
Tortolita Drummers batting - Pitching for Bakersfield Nobles : RHP Cameron Frye
|
Batting: LHB Nobuo Yamashita
|
0-0: Ball 1-0: Foul Ball, location: 2F 1-1: Ball 2-1: Ball 3-1: Base on Balls
|
Pitching: LHP Luis Oropeza
|
|
Batting: RHB Rich Flannery
|
0-0: Swinging Strike 0-1: Foul Ball, location: 2F 0-2: 2-RUN HOME RUN (Flyball, 7D), Distance : 380 ft
|
Batting: RHB Dave Sienna
|
0-0: Ball 1-0: Ball 2-0: Called Strike 2-1: Ball 3-1: Foul Ball, location: 2F 3-2: Ground out 6-3 (Groundball, 6S)
|
Batting: LHB Steve Costillo
|
0-0: Called Strike 0-1: Ball 1-1: Foul Ball, location: 2F 1-2: Ground out 6-3 (Groundball, 6M)
|
Batting: RHB Santo Alba
|
0-0: Ball 1-0: Foul Ball, location: 2F 1-1: SINGLE (Groundball, 56) (infield hit)
|
Batting: RHB Alan Elder
|
0-0: Fly out, F9 (Flyball, 89XD)
|
Top of the 9th over - 2 runs, 2 hits, 0 errors, 1 left on base; Tortolita 4 - Bakersfield 1 |
BOTTOM OF THE 9TH |
Bakersfield Nobles batting - Pitching for Tortolita Drummers : RHP Gojong Joseon
|
Pitching: RHP Kyle Buckman
|
|
Batting: LHB Bill Chambers
|
0-0: Ball 1-0: Called Strike 1-1: Ball 2-1: Ball 3-1: Foul Ball, location: 2F 3-2: Strikes out swinging
|
Batting: RHB Stanley van de Ven
|
0-0: Ball 1-0: Ball 2-0: Foul Ball, location: 2F 2-1: DOUBLE (Line Drive, 5D)
|
Batting: RHB Miguel Márquez
|
0-0: Ball 1-0: Foul Ball, location: 2F 1-1: Swinging Strike 1-2: Ball 2-2: Ground out 6-3 (Groundball, 6) Stanley van de Ven to third
|
Batting: RHB Anthony Johnston
|
0-0: Fly out, F4 (Line Drive, 4)
|
Bottom of the 9th over - 0 runs, 1 hit, 0 errors, 1 left on base; Tortolita 4 - Bakersfield 1 |
|